 Dungeon Crawl Stone Soup version 0.21.0 (webtiles) character file.

1659 inmateoo the Grappler (level 8, 0/56 HPs)
             Began as a Demonspawn Gladiator on Jan 6, 2018.
             Was a Believer of Cheibriados.
             Killed from afar by an electric eel (7 damage)
             ... with a bolt of electricity
             ... on level 6 of the Dungeon.
             The game lasted 00:08:10 (6312 turns).

inmateoo the Grappler (Demonspawn Gladiator)        Turns: 6312, Time: 00:08:12

Health: 0/56       AC: 10    Str: 20    XL:     8   Next: 68%
Magic:  8/8        EV:  9    Int: 14    God:    Cheibriados [**....]
Gold:   41         SH:  0    Dex: 19    Spells: 7/7 levels left

rFire    . . .     SeeInvis .     - Unarmed
rCold    . . .     Gourm    .   (no shield)
rNeg     . . .     Faith    .   k - +0 chain mail
rPois    .         Spirit   .   b - +1 helmet
rElec    .         Reflect  .   (no cloak)
rCorr    +         Harm     .   (no gloves)
MR       .....                  (no boots)
Stlth    ..........             (no amulet)
HPRegen  0.18/turn              q - ring of stealth
MPRegen  0.11/turn              r - ring of resist corrosion

@: very slow
A: talons 1, foul stench 1, powered by death 2, rot immunity
a: Bend Time, Renounce Religion


You were on level 6 of the Dungeon.
You worshipped Cheibriados.
Cheibriados was pleased with you.
You were not hungry.

You visited 1 branch of the dungeon, and saw 6 of its levels.

You collected 154 gold pieces.
You spent 113 gold pieces at shops.

Inventory:

Missiles
 c - 4 throwing nets (quivered)
Armour
 b - a +1 helmet (worn)
 k - a +0 chain mail (worn)
Jewellery
 p - an uncursed ring of fire
 q - a ring of stealth (left hand)
 r - a ring of resist corrosion (right hand)
Wands
 s - a wand of paralysis (19)
Scrolls
 f - a scroll of identify
 g - 2 scrolls of magic mapping
 i - a scroll of enchant armour
 j - 4 scrolls of remove curse
Potions
 a - a potion of invisibility
 e - a potion of curing
 h - a potion of ambrosia
 l - a potion of lignification {unknown}
 m - 2 potions of might {unknown}
 o - 2 potions of magic
 t - 2 potions of cancellation {unknown}
Comestibles
 d - 6 rations
 n - 2 chunks of flesh


   Skills:
 - Level 2.0 Fighting
 - Level 1.7 Throwing
 - Level 2.6 Dodging
 + Level 10.5 Unarmed Combat


You had 7 spell levels left.
You didn't know any spells.

Dungeon Overview and Level Annotations

Branches:
Dungeon (6/15)             Temple (0/1) D:6

Altars:
Cheibriados
Zin

Shops:
D:4 =!*


Innate Abilities, Weirdness & Mutations

You have sharp toenails.
You may emit foul miasma when damaged in melee.
You regenerate health from kills.
You are immune to rotting.


Message History

The electric eel shoots out a bolt of lightning at you!
The bolt of electricity hits you!
The electric eel shoots out a bolt of lightning at you!
The bolt of electricity hits you!
The electric eel shoots out a bolt of lightning at you!
The bolt of electricity hits you!
Unknown command.
The electric eel shoots out a bolt of lightning at you!
The bolt of electricity hits you!
* * * LOW HITPOINT WARNING * * *
The electric eel shoots out a bolt of lightning at you!
The bolt of electricity hits you!
* * * LOW HITPOINT WARNING * * *
Unknown command.
Okay, then.
An orc comes into view. It is wielding a club.
The orc shouts!
You hear a shout!
The electric eel shoots out a bolt of lightning at you!
The bolt of electricity hits you!
You die...

♣.... .h. ♣♣.. .o ≈P♣P..
.. .≈.... #. ♣≈♣♣.. # #.
≈♣ ♣♣.. .. #.## #♣# .P♣
♣.... ≈≈P#
#..##..#♣♣.≈♣♣....(
♣≈≈≈P###@....♣♣P≈♣ ......
♣≈≈P.......###♣P.♣♣..##..
♣P;........###...........
♣♣≈......†........# #####
♣PP.......##......#
♣≈P.....####.)....#
P≈P.....# #......##
≈P..>...# ###.....######
##......# #.##........


You could see a hound (wandering), an electric eel and an orc.

Vanquished Creatures
  Sigmund (D:2)
  Eustachio (D:5)
  Edmund (D:6)
  A sky beast (D:6)
  2 ogres
  A centaur (D:5)
  A big kobold (D:6)
  A water moccasin skeleton (D:6)
  A crimson imp (D:5)
  A bullfrog zombie (D:6)
  An orc priest (D:3)
  An iguana (D:6)
  7 orc wizards
  8 worker ants
  2 hound skeletons (D:4)
  3 gnolls (D:6)
  9 adders
  An ooze (D:1)
  An adder zombie (D:5)
  5 worms
  3 dart slugs
  2 leopard geckos
  9 orcs
  7 giant cockroaches
  13 goblins
  8 hobgoblins
  15 jackals
  6 bats
  5 frilled lizards
  A jackal skeleton (D:5)
  32 kobolds
  2 quokka zombies
  10 rats
162 creatures vanquished.

Notes
Turn   | Place    | Note
-------+----------+-------------------------------------------
     0 | D:1      | inmateoo the Demonspawn Gladiator began the quest for the Orb.
     0 | D:1      | Reached XP level 1. HP: 16/16 MP: 1/1
    94 | D:1      | Reached skill level 3 in Unarmed Combat
   141 | D:1      | Gained mutation: You regenerate a little health from kills. [demonic ancestry]
   141 | D:1      | Reached XP level 2. HP: 20/22 MP: 2/2
   631 | D:1      | Gained mutation: You are immune to rotting. [demonic ancestry]
   631 | D:1      | Reached XP level 3. HP: 23/27 MP: 3/3
   730 | D:1      | Reached skill level 4 in Unarmed Combat
  1396 | D:2      | Found a faded altar of an unknown god.
  1528 | D:2      | Gained mutation: You have sharp toenails. [demonic ancestry]
  1528 | D:2      | Reached XP level 4. HP: 30/33 MP: 4/4
  1759 | D:2      | Noticed Sigmund
  1776 | D:2      | Killed Sigmund
  1776 | D:2      | Reached skill level 6 in Unarmed Combat
  1776 | D:2      | Reached XP level 5. HP: 31/38 MP: 5/5
  2045 | D:3      | Gained mutation: You regenerate health from kills. [demonic ancestry]
  2045 | D:3      | Reached XP level 6. HP: 42/44 MP: 6/6
  2958 | D:4      | Found Ighu's General Store.
  2963 | D:4      | Bought a scroll of identify for 24 gold pieces
  2963 | D:4      | Bought a scroll of identify for 24 gold pieces
  3023 | D:4      | Reached skill level 7 in Unarmed Combat
  3867 | D:4      | Found Ohosouko's Distillery.
  3877 | D:4      | Found Hycuiwn's Jewellery Boutique.
  3890 | D:4      | Gained mutation: You may emit foul miasma when damaged in melee. [demonic ancestry]
  3890 | D:4      | Reached XP level 7. HP: 34/50 MP: 7/7
  4151 | D:4      | Bought a potion of heal wounds for 65 gold pieces
  4297 | D:5      | Entered Level 5 of the Dungeon
  4343 | D:5      | Reached skill level 8 in Unarmed Combat
  4623 | D:5      | Found a glowing silver altar of Zin.
  4666 | D:5      | Found a snail-covered altar of Cheibriados.
  4672 | D:5      | Became a worshipper of Cheibriados the Contemplative
  4927 | D:5      | Noticed Eustachio
  5368 | D:5      | Killed Eustachio
  5368 | D:5      | Reached skill level 9 in Unarmed Combat
  5368 | D:5      | Reached XP level 8. HP: 3/56 MP: 8/8
  5875 | D:6      | Found a staircase to the Ecumenical Temple.
  5999 | D:6      | Reached * piety under Cheibriados
  6159 | D:6      | Reached skill level 10 in Unarmed Combat
  6163 | D:6      | Reached ** piety under Cheibriados
  6288 | D:6      | Noticed Edmund
  6297 | D:6      | Killed Edmund
  6312 | D:6      | Killed from afar by an electric eel

Skill      XL: |  1  2  3  4  5  6  7  8 |
---------------+-------------------------+-----
Unarmed Combat | 3 4 6 7 9 10 | 10.5
Fighting       | |  2.0
Throwing       | |  1.7
Dodging        | |  2.6

Action                   |  1- 3 |  4- 6 |  7- 9 || total
-------------------------+-------+-------+-------++-------
Melee: Unarmed           |   165 |   164 |   267 ||   596
       Punch             |     3 |     4 |     8 ||    15
       Kick              |       |    48 |    80 ||   128
  Use: Scroll            |       |    10 |     6 ||    16
       Potion            |       |     2 |     9 ||    11
  Eat: Chunk             |     2 |     7 |     5 ||    14
       Ration            |       |       |     1 ||     1
Armor: Leather armour    |    53 |    32 |       ||    85
       Chain mail        |       |    23 |   198 ||   221
Dodge: Dodged            |   136 |    80 |   184 ||   400
